 Dungeon Crawl Stone Soup version 0.31.0-1-g2c135a008e (webtiles) character file.

Game seed: 5377782702993455764

6418 qw the Warrior (level 11, -4/96 HPs)
             Began as a Djinni Hunter on Jan 23, 2024.
             Was an Initiate of Okawaru.
             Slain by a troll (12 damage)
             ... on level 8 of the Dungeon.
             The game lasted 00:00:52 (7824 turns).

qw the Warrior (Djinni Hunter)                      Turns: 7824, Time: 00:00:52

Health: -4/96      AC: 11    Str: 10      XL:     11   Next: 18%
Gold:   94         EV: 17    Int: 10      God:    Okawaru [......] SH:  0 Dex: 18 (20)

rFire   + + .        a - +0 shortbow
rCold   x . .        (shield currently unavailable)
rNeg    . . .        o - +3 ring mail
rPois   inf          (no helmet)
rElec   .            r - +0 cloak
rCorr   .            f - +1 pair of gloves
SInv    +            (boots unavailable)
Will    +....        g - amulet of regeneration
Stlth   +            i - +5 ring of evasion
HPRegen 1.16/turn    u - ring of see invisible
MPRegen 0.00/turn

%: clarity, infuse magic (-5 HP)
@: about to teleport, flying
A: sickness immunity, fire resistance 2, cold vulnerability 1, float, innate
caster, HP casting, extra vitality 1, clarity, clumsy 1
a: Renounce Religion


You were on level 8 of the Dungeon.
You worshipped Okawaru.
Okawaru was noncommittal.
You visited 2 branches of the dungeon, and saw 9 of its levels.
You also visited: Sewer.

You collected 406 gold pieces.
You spent 312 gold pieces at shops.


Innate Abilities, Weirdness & Mutations

You are immune to sickness and miasma.
You are immune to poison.
Your flesh is very heat resistant. (rF++)
You are vulnerable to cold. (rC-)
You float through the air rather than walking.
You learn spells naturally, not from books.
Your magical power is your life essence.
You have superior vitality. (+4 MHP)
You possess an exceptional clarity of mind.
You are clumsy. (Dex -2)


   Skills:
 - Level 15.6 Fighting
 - Level 8.3 Ranged Weapons
 - Level 3.0 Armour
 + Level 4.4 Dodging
 - Level 0.7 Stealth


You knew the following spells:

 Your Spells              Type           Power      Damage    Failure   Level
a - Freeze                Ice            0%         1d3       67%         1
b - Ensorcelled Hibernat  Hex/Ice        0%         N/A       80%         2
c - Lesser Beckoning      Tloc           0%         N/A       80%         2
d - Manifold Assault      Tloc           0%         N/A       100%        4
e - Dimensional Bullseye  Hex/Tloc       0%         N/A       100%        4
Your spell library was empty.

Inventory:

Hand Weapons
 a - a +0 shortbow (weapon)
Armour
 f - a +1 pair of gloves (worn)
 m - a +1 leather armour of fire resistance
 o - a +3 ring mail (worn)
 r - a +0 cloak (worn)
Jewellery
 c - a ring of positive energy
 g - an amulet of regeneration (around neck)
 i - a +5 ring of evasion (left hand)
 l - a ring of fire
 u - a ring of see invisible (right hand)
 w - a +6 ring of dexterity
 x - an amulet of reflection
 Y - a ring of willpower
Wands
 b - a wand of light (3)
 e - a wand of polymorph (6)
 n - a wand of iceblast (9)
 q - a wand of paralysis (11)
Scrolls
 s - 3 scrolls of teleportation
 v - a scroll of identify
Potions
 d - 2 potions of enlightenment
 h - 6 potions of curing
 j - 4 potions of haste
 k - 3 potions of heal wounds
 p - a potion of cancellation {unknown}
 t - 3 potions of might {unknown}

Dungeon Overview and Level Annotations

Branches:
Dungeon (8/15)             Temple (1/1) D:4           Sewer (visited)
   Lair: D:8-11

Altars:
Ashenzari
Cheibriados
Dithmenos
Elyvilon
Fedhas
Gozag
Hepliaklqana
Makhleb
Nemelex Xobeh
Okawaru
Qazlal
Ru
Trog
Uskayaw
Wu Jian
Xom
Yredelemnul
Zin
The Shining One

Shops:
D:4 :   D:8 !

Annotations:
D:4 3 runed translucent doors, qw's ghost, amateur DjHu
D:5 1 runed translucent door, qw's ghost, novice GrHu


Message History

You shoot an arrow. The arrow hits the troll.
The troll is moderately wounded.
The kobold brigand closely misses you. The troll closely misses you.
The troll misses you. The troll claws you.
You shoot an arrow. The arrow closely misses the troll.
The kobold brigand closely misses you. The troll misses you.
The troll closely misses you. x2
You shoot an arrow. The arrow closely misses the troll.
The kobold brigand hits you with a +0 club!
The troll closely misses you. The troll claws you. The troll misses you.
You shoot an arrow. The arrow closely misses the troll.
The kobold brigand hits you but does no damage.
The troll misses you. The troll claws you but does no damage.
The troll closely misses you.
You shoot an arrow. The arrow hits the troll!
The troll is moderately wounded.
The kobold brigand completely misses you.
The troll bites you. The troll closely misses you. The troll claws you!
7821 ||| READING 4 scrolls of teleportation.
As you read the scroll of teleportation, it crumbles to dust.
You feel strangely unstable. The kobold brigand barely misses you.
The troll completely misses you. The troll closely misses you.
The troll misses you.
7822 ||| DRINKING 4 potions of heal wounds.
You feel much better.
The kobold brigand hits you but does no damage.
The troll closely misses you. The troll claws you!
The troll completely misses you.
You shoot an arrow. The arrow hits the troll.
The troll is moderately wounded.
The kobold brigand hits you but does no damage.
The troll bites you! The troll claws you but does no damage.
The troll claws you!
You shoot an arrow. The arrow hits the troll.
The troll is heavily wounded.
The kobold brigand barely misses you. The troll bites you!
The troll claws you but does no damage. The troll claws you.
The kobold brigand hits you but does no damage.
The troll bites you!
You die...

.......####.###...###.#
#....### #.......# ###
##..## ##<###..# ##.#
#..# #..# # #.# #####
#..# ###.# .... #..#
....### .... #..##
#.....# #..#...###
##.#### #..K@....# ##.#
#..T...### ## #..####
#...#)..# ##.# #.##..#
......#...###..# ......#
..... ###.....#
#....########### ##...##
#..####>...##..# ##....#
#........#####.###...###
.........## #......##


You could see a troll and a kobold brigand.

Vanquished Creatures
  Pikel (D:7)
  Psyche (D:8)
  2 water moccasins (D:6)
  2 sky beasts
  2 black bears
  An ogre (D:7)
  A crocodile (Sewer)
  A phantom (D:4)
  3 lemures (D:7)
  2 bullfrogs
  4 kobold brigands
  A scorpion (D:6)
  9 wights
  4 howler monkeys (D:8)
  6 bombardier beetles
  3 crimson imps (D:5)
  A hound (D:5)
  An orc priest (D:6)
  A gnoll bouda (D:7)
  4 iguanas
  3 sleepcaps
  Ijyb (D:3)
  2 orc wizards
  16 adders
  7 gnolls
  2 shadow imps
  A white imp (D:5)
  2 ufetubi
  4 dart slugs
  3 ribbon worms
  21 orcs
  11 endoplasms
  4 giant cockroaches
  13 goblins
  6 hobgoblins
  6 ball pythons
  13 bats
  8 frilled lizards
  13 kobolds
  15 rats
201 creatures vanquished.

Notes
Turn   | Place    | Note
-------+----------+-------------------------------------------
     0 | D:1      | qw the Djinni Hunter began the quest for the Orb.
     0 | D:1      | Reached XP level 1. HP: 18/18 MP: 0/0
     0 | D:1      | 0 ||| qw: Version: 0.3-a-136-gdd3b4e8
     0 | D:1      | 0 ||| qw: Game counter: 1076
     0 | D:1      | 0 ||| qw: Melee chars always use a shield: true
     0 | D:1      | 0 ||| qw: God list: Okawaru
     0 | D:1      | 0 ||| qw: Allow faded altars: false
     0 | D:1      | 0 ||| qw: Do Orc after clearing Dungeon:15 true
     0 | D:1      | 0 ||| qw: Do second Lair branch before Depths: true
     0 | D:1      | 0 ||| qw: Lair rune preference: random
     0 | D:1      | 0 ||| qw: Goals: Normal
     0 | D:1      | 0 ||| PLANNING D:1-11
   218 | D:1      | Reached XP level 2. HP: 23/23 MP: 0/0
   594 | D:1      | Reached XP level 3. HP: 28/28 MP: 0/0
   594 | D:1      | Learned a level 1 spell: Freeze
  1098 | D:1      | 1098 ||| UPGRADING to +0 ring mail.
  1108 | D:1      | 1108 ||| DROPPING +0 leather armour.
  1109 | D:1      | 1109 ||| UPGRADING to ring of see invisible.
  1110 | D:1      | 1110 ||| READING scroll labelled IHYGACS KYIRE.
  1111 | D:1      | 1111 ||| READING scroll labelled WIF BENALIGG.
  1164 | D:1      | 1164 ||| READING scroll labelled PEOJAM VIJE.
  1165 | D:1      | 1165 ||| DRINKING 2 blue potions.
  1166 | D:1      | 1166 ||| DROPPING scroll of butterflies.
  1167 | D:1      | 1167 ||| DROPPING potion of attraction.
  1242 | D:2      | Reached skill level 1 in Armour
  1267 | D:2      | Found a basalt altar of Yredelemnul.
  1279 | D:2      | Reached XP level 4. HP: 34/34 MP: 0/0
  1350 | D:2      | Reached skill level 3 in Fighting
  1616 | D:2      | 1616 ||| READING scroll labelled HOHAPS KA IME.
  1717 | D:2      | 1717 ||| READING scroll labelled QUK EM ATO.
  1718 | D:2      | 1718 ||| DRINKING 3 grey potions.
  1924 | D:3      | Found a faded altar of an unknown god.
  1948 | D:3      | Noticed Ijyb
  1970 | D:3      | Killed Ijyb
  1971 | D:3      | Reached XP level 5. HP: 40/40 MP: 0/0
  1971 | D:3      | Learned a level 2 spell: Ensorcelled Hibernation
  2441 | D:3      | 2441 ||| FLEEEEING.
  2442 | D:3      | 2442 ||| FLEEEEING.
  2443 | D:3      | 2443 ||| FLEEEEING.
  2444 | D:3      | 2444 ||| FLEEEEING.
  2445 | D:3      | 2445 ||| FLEEEEING.
  2446 | D:3      | 2446 ||| FLEEEEING.
  2447 | D:3      | 2447 ||| FLEEEEING.
  2448 | D:3      | 2448 ||| FLEEEEING.
  2449 | D:3      | 2449 ||| FLEEEEING.
  2450 | D:3      | 2450 ||| FLEEEEING.
  2451 | D:3      | 2451 ||| FLEEEEING.
  2452 | D:3      | 2452 ||| FLEEEEING.
  2453 | D:3      | 2453 ||| FLEEEEING.
  2454 | D:3      | 2454 ||| FLEEEEING.
  2455 | D:3      | 2455 ||| FLEEEEING.
  2456 | D:3      | 2456 ||| FLEEEEING.
  2457 | D:3      | 2457 ||| FLEEEEING.
  2458 | D:3      | 2458 ||| FLEEEEING.
  2459 | D:3      | 2459 ||| FLEEEEING.
  2500 | D:3      | Reached XP level 6. HP: 42/46 MP: 0/0
  2540 | D:3      | Found a shadowy altar of Dithmenos.
  2542 | D:3      | Found a sacrificial altar of Ru.
  2544 | D:3      | Found a hazy altar of Hepliaklqana.
  2546 | D:3      | Found a stormy altar of Qazlal.
  2647 | D:3      | 2647 ||| UPGRADING to +3 ring mail.
  2657 | D:3      | 2657 ||| DROPPING +0 ring mail.
  2658 | D:3      | 2658 ||| UPGRADING to +0 cloak.
  2663 | D:3      | 2663 ||| UPGRADING to amulet of regeneration.
  2668 | D:3      | 2668 ||| READING scroll labelled YRUTOCREUJE.
  2668 | D:3      | 2668 ||| IDENTIFYING clear potion
  2669 | D:3      | 2669 ||| READING scroll labelled HAXZOC GAREDD.
  2672 | D:3      | 2672 ||| READING scroll labelled QOAFURO ESUIMI.
  2773 | D:3      | 2773 ||| DRINKING 2 sapphire potions.
  2774 | D:3      | 2774 ||| DROPPING potion of berserk rage.
  2852 | D:4      | Found Wioruad's Self-Improvement Boutique.
  2862 | D:4      | Reached skill level 3 in Dodging
  2948 | D:4      | Reached skill level 4 in Fighting
  2948 | D:4      | Reached XP level 7. HP: 38/52 MP: 0/0
  2948 | D:4      | Learned a level 2 spell: Lesser Beckoning
  3088 | D:4      | Found a runed translucent gate.
  3088 | D:4      | Found a runed translucent gate.
  3088 | D:4      | Found a runed translucent gate.
  3089 | D:4      | Noticed qw's ghost (amateur DjHu)
  3170 | D:4      | Found a staircase to the Ecumenical Temple.
  3171 | D:4      | 3171 ||| PLANNING TEMPLE
  3171 | D:4      | 3171 ||| DRINKING 4 silvery potions.
  3180 | Temple   | Entered the Ecumenical Temple
  3181 | Temple   | 3181 ||| PLANNING D:1-11
  3528 | D:5      | Entered Level 5 of the Dungeon
  3529 | D:5      | 3529 ||| PLANNING SEWER
  3564 | D:5      | Found a runed translucent door.
  3700 | D:5      | Found a broken altar of Ashenzari.
  3717 | D:5      | 3717 ||| UPGRADING to +0 pair of gloves.
  3728 | D:5      | 3728 ||| READING scroll labelled UZOISCH RODIREA.
  3757 | D:5      | Noticed qw's ghost (novice GrHu)
  3807 | D:5      | Found a shimmering altar of Xom.
  3810 | D:5      | 3810 ||| RETREEEEATING.
  3812 | D:5      | 3812 ||| RETREEEEATING.
  3824 | D:5      | 3824 ||| DRINKING 4 potions of curing.
  3824 | D:5      | 3824 ||| (to cure confusion)
  3844 | D:5      | Reached skill level 6 in Ranged Weapons
  3862 | D:5      | 3862 ||| DROPPING +2 robe of willpower.
  3864 | D:5      | 3864 ||| UPGRADING to ring of willpower.
  3865 | D:5      | 3865 ||| READING scroll of identify.
  3865 | D:5      | 3865 ||| IDENTIFYING brown potion
  3866 | D:5      | 3866 ||| DRINKING potion of mutation.
  3866 | D:5      | Gained mutation: You possess an exceptional clarity of
                  | mind. [potion of mutation]
  3866 | D:5      | Gained mutation: You are clumsy. (Dex -2) [potion of
                  | mutation]
  4013 | D:5      | Found a glowing drain.
  4018 | Sewer    | Entered a sewer
  4027 | Sewer    | Reached XP level 8. HP: 58/58 MP: 0/0
  4311 | Sewer    | 4311 ||| DRINKING 2 murky inky potions.
  4311 | Sewer    | Reached skill level 13 in Fighting
  4311 | Sewer    | Reached XP level 9. HP: 80/80 MP: 0/0
  4311 | Sewer    | Learned a level 4 spell: Manifold Assault
  4312 | Sewer    | 4312 ||| DRINKING potion of experience.
  4312 | Sewer    | Reached skill level 15 in Fighting
  4312 | Sewer    | Reached XP level 10. HP: 91/91 MP: 0/0
  4313 | Sewer    | 4313 ||| DRINKING 3 fuming yellow potions.
  4314 | Sewer    | 4314 ||| DRINKING 2 dark potions.
  4315 | Sewer    | 4315 ||| DRINKING 3 potions of curing.
  4315 | Sewer    | 4315 ||| (to cure confusion)
  4316 | Sewer    | 4316 ||| DROPPING 2 potions of degeneration.
  4317 | Sewer    | 4317 ||| DROPPING potion of ambrosia.
  4343 | D:5      | 4343 ||| PLANNING D:1-11
  4444 | D:5      | 4444 ||| FLEEEEING.
  4563 | D:5      | Found an opulent altar of Gozag.
  4793 | D:5      | 4793 ||| READING scroll labelled UVALUQUMOKH.
  4793 | D:5      | 4793 ||| ENCHANTING +0 pair of gloves.
  4810 | D:6      | 4810 ||| STAIRDANCE
  5674 | D:6      | Found a glowing golden altar of the Shining One.
  5684 | D:6      | 5684 ||| UPGRADING to +5 ring of evasion.
  5686 | D:6      | 5686 ||| UPGRADING to ring of see invisible.
  5688 | D:6      | 5688 ||| DRINKING 2 fizzy black potions.
  5689 | D:6      | 5689 ||| DROPPING potion of brilliance.
  6144 | D:7      | 6144 ||| RETREEEEATING.
  6144 | D:7      | Noticed Pikel
  6147 | D:7      | 6147 ||| ZAPPING wand of light (6) at 0,5 (Pikel; floor).
  6148 | D:7      | 6148 ||| ZAPPING wand of light (5) at 0,4 (Pikel; floor).
  6149 | D:7      | 6149 ||| ZAPPING wand of light (4) at 0,3 (Pikel; floor).
  6169 | D:7      | Killed Pikel
  6170 | D:7      | Reached XP level 11. HP: 71/96 MP: 0/0
  6170 | D:7      | Learned a level 4 spell: Dimensional Bullseye
  6265 | D:7      | Found an iron altar of Okawaru.
  6266 | D:7      | 6266 ||| PLANNING OKAWARU WORSHIP
  6266 | D:7      | 6266 ||| DROPPING scarf of shadows.
  6367 | D:7      | Became a worshipper of Warmaster Okawaru
  6368 | D:7      | 6368 ||| PLANNING D:1-11
  6792 | D:8      | Found Wemojaf's Distillery.
  6801 | D:8      | 6801 ||| BUYING 2 potions of curing (78 gold).
  6801 | D:8      | Bought 2 potions of curing for 78 gold pieces
  6801 | D:8      | 6801 ||| BUYING potion of curing (39 gold).
  6801 | D:8      | Bought a potion of curing for 39 gold pieces
  6801 | D:8      | 6801 ||| BUYING potion of enlightenment (65 gold).
  6801 | D:8      | Bought a potion of enlightenment for 65 gold pieces
  6801 | D:8      | 6801 ||| BUYING potion of enlightenment (65 gold).
  6801 | D:8      | Bought a potion of enlightenment for 65 gold pieces
  6801 | D:8      | 6801 ||| BUYING potion of heal wounds (65 gold).
  6801 | D:8      | Bought a potion of heal wounds for 65 gold pieces
  6801 | D:8      | 6801 ||| SHOPLISTING potion of might (52 gold, have 21).
  6933 | D:8      | Reached skill level 3 in Armour
  7096 | D:8      | Noticed Psyche
  7118 | D:8      | Killed Psyche
  7820 | D:8      | HP: 22/96 [troll (10)]
  7821 | D:8      | 7821 ||| READING 4 scrolls of teleportation.
  7822 | D:8      | 7822 ||| DRINKING 4 potions of heal wounds.
  7824 | D:8      | HP: 8/96 [troll (3)]
  7824 | D:8      | Slain by a troll

Levels and vault maps discovered:
D:1:      minmay_arrival_cross, layout_basic, minivault_5,
          chequers_serial_rivers_micro_a
D:2:      layout_rooms, basic_altar, minmay_misc_feat_tiny
D:3:      layout_loops_ring, minitemple, hellmonk_ecumenical_altar_crossroads,
          uniq_ijyb
D:4:      minmay_clustersquares, layout_rooms, led_sif_pool,
          minmay_temple_entry_junction, gammafunk_ghost_nasty_kobolds,
          nicolae_shop_self_help, uniq_crazy_yiuf_cottage
D:5:      layout_basic, led_xom_imps, kennysheep_mini_moat,
          mainiacjoe_overflow_surrounded_room, ebering_ghost_sewer_d,
          mainiacjoe_sewer_entry_somewhere_in_here_1, serial_aquarium,
          aquarium_bridge_square [aquarium_subvault_bridge,
          aquarium_subvault_bridge, aquarium_subvault_bridge,
          aquarium_subvault_bridge], aquarium_window_fake,
          aquarium_window_corridor_1, aquarium_view_2d, aquarium_balcony_1b,
          aquarium_pool_split, hangedman_decor_opposing,
          small_statue_intersection
D:6:      nicolae_cairo_tiling, layout_gridville,
          nicolae_tso_swordbearing_angel, glass_columns_a
D:7:      layout_basic, lemuel_tele_altar, uniq_pikel
D:8:      layout_layer_cave, serial_shops, nicolae_shop_advertising_works
          [nicolae_subvault_shop_adworks], kennysheep_generic_room_7,
          uniq_psyche
Temple:   minmay_temple_curvy_loop

Skill      XL: |  1  2  3  4  5  6  7  8  9 10 11 |
---------------+----------------------------------+-----
Ranged Weapons | 4 5 6 7 8 |  8.3
Armour         | 1 2 3 |  3.0
Fighting       | 3 4 13 15 | 15.6
Dodging        | 3 4 |  4.4
Stealth        | |  0.7

Action                     |  1- 3 |  4- 6 |  7- 9 | 10-12 || total
---------------------------+-------+-------+-------+-------++-------
   Fire: Shortbow          |    92 |   220 |   270 |   366 ||   948
  Evoke: Wand              |       |       |       |     3 ||     3
    Use: Scroll            |     3 |     5 |     2 |     2 ||    12
         Potion            |     1 |     2 |     5 |     5 ||    13
 Armour: Leather armour    |    17 |       |       |       ||    17
         Ring mail         |     8 |    95 |   117 |   208 ||   428
         Skin              |       |    13 |       |    11 ||    24
  Dodge: Dodged            |    35 |    94 |   107 |   272 ||   508

Table legend:
 A = Non-vault XP
 B = Vault XP
 C = Vault XP percentage of total XP
 D = Non-vault monster count
 E = Vault monster count
 F = Vault count percentage of total count
                 A         B        C        D         E       F
            +---------+---------+-------+---------+---------+-------
      Total |    3249 |    1892 |  36.8 |     151 |      47 |  23.7
            +---------+---------+-------+---------+---------+-------
        D:1 |      46 |       0 |   0.0 |      29 |       0 |   0.0
        D:2 |      67 |       0 |   0.0 |      18 |       0 |   0.0
        D:3 |     155 |      36 |  18.8 |      30 |       1 |   3.2
        D:4 |     173 |     226 |  56.6 |      15 |      13 |  46.4
        D:5 |     382 |     153 |  28.6 |      11 |       8 |  42.1
        D:6 |     680 |       0 |   0.0 |      18 |       0 |   0.0
        D:7 |    1139 |     673 |  37.1 |      17 |       1 |   5.6
        D:8 |     607 |     420 |  40.9 |      13 |       2 |  13.3
      Sewer |       0 |     384 | 100.0 |       0 |      22 | 100.0
            +---------+---------+-------+---------+---------+-------
